 Dungeon Crawl Stone Soup version 0.21-a0-578-gc6e9d75 (webtiles) character file.

719 slep the Chopper (level 7, -1/53 HPs)
             Began as a Demonspawn Gladiator on Dec 19, 2017.
             Was an Initiate of Okawaru (penitent).
             Slain by a tengu warrior
             ... wielding a +1 glaive of protection
             ... created by the fury of Okawaru
              (3 damage)
             ... on level 5 of the Dungeon.
             The game lasted 00:14:09 (3234 turns).

slep the Chopper (Demonspawn Gladiator)             Turns: 3234, Time: 00:14:09

Health: -1/53      AC:  8    Str: 12 (15) XL:     7   Next: 42%
Magic:  0/7        EV: 13    Int:  7 (9)  God:    Okawaru [*]
Gold:   306        SH:  0    Dex: 13 (16) Spells: 6/6 levels left

rFire    . . .     SeeInvis .   a - +0 war axe
rCold    . . .     Gourm    .   (no shield)
rNeg     . . .     Faith    .   b - +0 leather armour
rPois    .         Spirit   +   c - +0 helmet
rElec    .         Reflect  .   s - scarf {Spirit}
rCorr    .         Harm     .   j - +0 pair of gloves
MR       .....                  (no boots)
Stlth    +.........             (no amulet)
HPRegen  0.17/turn              p - -3 ring of evasion (curse)
MPRegen  0.10/turn              E - +3 ring of evasion

@: hasted, very quick
A: hooves 2, yellow scales 2, demonic guardian 1
a: Renounce Religion


You were on level 5 of the Dungeon.
You worshipped Okawaru.
Okawaru was demanding penance.
You were not hungry.

You visited 1 branch of the dungeon, and saw 5 of its levels.

You collected 306 gold pieces.

Inventory:

Hand Weapons
 a - a +0 war axe (weapon)
 t - a +2 trident of venom
Missiles
 v - 5 tomahawks (quivered)
 D - 12 poisoned needles
Armour
 b - a +0 leather armour (worn)
 c - a +0 helmet (worn)
 j - a +0 pair of gloves (worn)
 s - a scarf of spirit shield (worn)
Jewellery
 p - a cursed -3 ring of evasion (left hand)
 E - a +3 ring of evasion (right hand)
Scrolls
 e - 7 scrolls of magic mapping {unknown}
 h - 8 scrolls of identify {unknown}
 m - a scroll of amnesia {unknown}
 n - 4 scrolls of remove curse {unknown}
 o - 5 scrolls of enchant weapon {unknown}
 q - 2 scrolls of teleportation {unknown}
 r - a scroll of noise {unknown}
 y - a scroll of random uselessness {unknown}
 z - a scroll of fear {unknown}
Potions
 g - a potion of resistance
 i - 2 potions of curing
 u - a potion of lignification
 w - 3 potions of degeneration
 B - 2 potions of mutation {unknown}
 C - a potion of heal wounds {unknown}
Comestibles
 f - 10 rations
 F - 7 chunks of flesh


   Skills:
 + Level 3.7 Fighting
 + Level 5.9 Axes
 + Level 2.1 Throwing
 + Level 2.0 Armour
 + Level 3.9 Dodging
 + Level 1.8 Stealth


You had 6 spell levels left.
You didn't know any spells.

Dungeon Overview and Level Annotations

Branches:
Dungeon (5/15)
 Temple: D:4-7

Altars:
Gozag
Makhleb
Nemelex Xobeh
Okawaru
Trog
Uskayaw
Yredelemnul
The Shining One

Shops:
D:4 :


Innate Abilities, Weirdness & Mutations

You have hoof-like feet.
You are mostly covered in yellow scales. (AC +3)
A weak demonic guardian rushes to your aid.


Message History

Your scarf of spirit shield unmelds from your body.
Your +0 helmet unmelds from your body.
Your +0 pair of gloves unmelds from your body.
Your +0 leather armour unmelds from your body.
You feel spirits watching over you.
You feel yourself speed up.
You flicker back into view.
You feel a little less clever now.
The tengu warrior hits you with a glaive of protection.
* * * LOW HITPOINT WARNING * * *
The tengu warrior pecks you but does no damage.
The tengu warrior claws you but does no damage.
The cyclops misses you.
Your white imp gestures at the tengu warrior.
The puff of frost hits the tengu warrior.
It was a potion of haste.
You feel yourself speed up.
Your white imp gestures at the tengu warrior.
The puff of frost hits the tengu warrior.
The tengu warrior appears unharmed.
The tengu warrior hits you with a glaive of protection.
You die...

#.# #.# #.# #.#
#.# #.# #.# #.#
#.# #.# #.# #.#
>.# #.#
#.##########.#
#.......C@Q5.#
....###########
.


You could see a tengu warrior, a cyclops and a friendly white imp.

Vanquished Creatures
  A centaur (D:5)
  A howler monkey (D:4)
  A jelly (D:5)
  4 orc wizards (D:5)
  An orc priest (D:5)
  A bullfrog skeleton (D:5)
  2 hounds
  Jessica (D:2)
  Terence (D:3)
  An iguana (D:3)
  A worker ant (D:5)
  A hound skeleton (D:5)
  3 gnolls (D:5)
  3 adders
  An ooze (D:3)
  A worm (D:2)
  A dart slug (D:1)
  4 leopard geckos
  3 orcs
  5 bats
  A giant cockroach (D:3)
  15 goblins
  7 hobgoblins
  16 jackals
  4 kobolds
  3 quokkas
  A ball python (D:4)
  5 frilled lizards
  A leopard gecko skeleton (D:4)
  8 rats
98 creatures vanquished.

Vanquished Creatures (collateral kills)
  An ice beast (D:5)
  An orc priest (D:5)
  An orc (D:5)
3 creatures vanquished.

Grand Total: 101 creatures vanquished

Notes
Turn   | Place    | Note
-------+----------+-------------------------------------------
     0 | D:1      | slep the Demonspawn Gladiator began the quest for the Orb.
     0 | D:1      | Reached XP level 1. HP: 16/16 MP: 1/1
    93 | D:1      | Reached skill level 3 in Axes
    93 | D:1      | Gained mutation: You are partially covered in yellow scales. (AC +2) [demonic ancestry]
    93 | D:1      | Reached XP level 2. HP: 22/22 MP: 2/2
   533 | D:2      | Found a basalt altar of Yredelemnul.
   543 | D:2      | Gained mutation: You have large cloven feet. [demonic ancestry]
   543 | D:2      | Reached XP level 3. HP: 25/28 MP: 3/3
   544 | D:2      | Noticed Jessica
   550 | D:2      | Killed Jessica
   707 | D:2      | Gained mutation: You are mostly covered in yellow scales. (AC +3) [demonic ancestry]
   707 | D:2      | Reached XP level 4. HP: 34/34 MP: 4/4
   886 | D:2      | Found a burning altar of Makhleb.
  1241 | D:3      | Noticed Terence
  1260 | D:3      | Killed Terence
  1260 | D:3      | Reached skill level 4 in Axes
  1313 | D:3      | Reached XP level 5. HP: 18/39 MP: 5/5
  1574 | D:3      | Reached skill level 1 in Armour
  1641 | D:3      | Reached skill level 1 in Stealth
  2016 | D:4      | Found an opulent altar of Gozag.
  2127 | D:4      | Found a sparkling altar of Nemelex Xobeh.
  2127 | D:4      | Found an iron altar of Okawaru.
  2128 | D:4      | Found a hide-covered altar of Uskayaw.
  2134 | D:4      | Became a worshipper of Warmaster Okawaru
  2234 | D:4      | Gained mutation: A weak demonic guardian rushes to your aid. [demonic ancestry]
  2234 | D:4      | Reached XP level 6. HP: 41/47 MP: 4/6
  2309 | D:4      | Found Kus Nikeu's Book Shoppe.
  2553 | D:4      | Found a bloodstained altar of Trog.
  2599 | D:5      | Entered Level 5 of the Dungeon
  2640 | D:5      | Found a glowing golden altar of the Shining One.
  2647 | D:5      | Reached skill level 5 in Axes
  2709 | D:5      | Reached * piety under Okawaru
  2731 | D:5      | Noticed an ice beast
  2736 | D:5      | Killed an ice beast
  2736 | D:5      | Gained mutation: You have hoof-like feet. [demonic ancestry]
  2736 | D:5      | Reached XP level 7. HP: 9/52 MP: 1/7
  3065 | D:5      | Was placed under penance by Okawaru
  3227 | D:5      | Noticed a cyclops
  3227 | D:5      | Noticed a tengu warrior
  3233 | D:5      | HP: 2/53 [tengu warrior/glaive of protection[the fury of Okawaru] (2)]
  3234 | D:5      | Slain by a tengu warrior

Vault maps used:
D:1:      minmay_arrival_radiant_lines
D:2:      lemuel_coloured_pillars_altar, yredelemnul_altar_generic, uniq_jessica
D:3:      first_ration, uniq_terence
D:4:      cheibrodos_greedy_goblins, gammafunk_temple_overflow_claw,
          kennysheep_mini_moat, serial_shops, shop_fountains,
          trog_butcher_becter
D:5:      tso_metal_star, temple_hall

Skill      XL: |  1  2  3  4  5  6  7 |
---------------+----------------------+-----
Axes           | 3 4 5 |  5.9
Throwing       | 2 |  2.1
Dodging        | 3 |  3.9
Armour         | 1 2 |  2.0
Stealth        | 1 |  1.8
Fighting       | 3 |  3.7

Action                   |  1- 3 |  4- 6 |  7- 9 || total
-------------------------+-------+-------+-------++-------
Melee: War axe           |    69 |   198 |    35 ||   302
       Kick              |     2 |    41 |    10 ||    53
Throw: Throwing net      |       |     2 |     1 ||     3
       Tomahawk          |       |       |     5 ||     5
  Use: Potion            |       |     2 |     6 ||     8
 Stab: Held in net/web   |       |     1 |       ||     1
       Distracted        |       |     1 |       ||     1
       Sleeping          |       |     1 |       ||     1
  Eat: Chunk             |       |     6 |     2 ||     8
Armor: Leather armour    |    34 |   102 |    15 ||   151
       Skin              |       |       |     4 ||     4
Dodge: Dodged            |    52 |   134 |    40 ||   226

Table legend:
 A = Spawn XP
 B = Non-spawn XP
 C = Spawn XP percentage of total XP
 D = Spawn monster count
 E = Non-spawn monster count
 F = Spawn count percentage of total count
 G = Total turns spent on level
                    A         B        C        D         E        F      G
               +---------+---------+-------+---------+---------+-------+---------
         Total |       0 |    1028 |   0.0 |       0 |     101 |   0.0 |  3234
               +---------+---------+-------+---------+---------+-------+---------
           D:1 |       0 |      39 |   0.0 |       0 |      20 |   0.0 |   533
           D:2 |       0 |      95 |   0.0 |       0 |      19 |   0.0 |   693
           D:3 |       0 |     153 |   0.0 |       0 |      19 |   0.0 |   749
           D:4 |       0 |     143 |   0.0 |       0 |      24 |   0.0 |   624
           D:5 |       0 |     598 |   0.0 |       0 |      19 |   0.0 |   635
               +---------+---------+-------+---------+---------+-------+---------
